 Dungeon Crawl Stone Soup version 0.28.0-43-g3370ac3207 (webtiles) character file.

Game seed: 5608540629702307122

4223 adizb the Fighter (level 10, -13/82 HPs)
             Began as a Demonspawn Gladiator on Mar 24, 2022.
             Mangled by an orc knight
             ... wielding a +0 war axe
              (19 damage)
             ... in a bailey.
             The game lasted 00:42:43 (6285 turns).

adizb the Fighter (Demonspawn Gladiator)            Turns: 6285, Time: 00:42:44

Health: -13/82     AC: 20    Str: 24    XL:     10   Next: 9%
Magic:  0/13       EV:  8    Int: 10    God:
Gold:   409        SH:  0    Dex: 15    Spells: 9/9 levels left

rFire   . . .      SeeInvis +   a - +0 war axe
rCold   + . .      Faith    .   (no shield)
rNeg    . . .      Spirit   +   v - +0 plate armour
rPois   .          Reflect  .   c - +0 helmet
rElec   .          Harm     .   q - scarf {shadows}
rCorr   +          Rampage  .   o - +2 pair of gloves
Will    .....                   (no boots)
Stlth   ..........              (no amulet)
HPRegen 0.23/turn               g - +6 ring of strength
MPRegen 0.26/turn               D - ring "Riluakka" {rC+ rCorr SInv}

@: confused, ambrosia-drunk, hasted, very quick
A: hooves 1, slimy green scales 2, magic shield, magic regeneration, magic link
a: no special abilities


You were in a bailey.
You visited 2 branches of the dungeon, and saw 9 of its levels.
You also visited: Bailey.

You collected 409 gold pieces.

Inventory:

Hand Weapons
 a - a +0 war axe (weapon)
Missiles
 m - 4 silver boomerangs (quivered)
 w - 12 boomerangs
Armour
 c - a +0 helmet (worn)
 h - a +0 kite shield
 o - a +2 pair of gloves (worn)
 q - a scarf of shadows (worn)
 t - a +0 ring mail
 v - a +0 plate armour (worn)
Jewellery
 g - a +6 ring of strength (left hand)
 j - a +6 ring of dexterity
 p - a +6 ring of dexterity
 D - the ring "Riluakka" (right hand) {rC+ rCorr SInv}
   (You found it on level 8 of the Dungeon)

   [ring of see invisible]

   rC:        It protects you from cold.
   SInv:      It lets you see invisible.
   rCorr:     It protects you from acid and corrosion.
Wands
 e - a wand of mindburst (12)
 B - a wand of charming (20)
Scrolls
 k - a scroll of amnesia
 x - 2 scrolls of noise {unknown}
 y - a scroll of magic mapping {unknown}
 A - a scroll of fear
 C - a scroll of enchant weapon {unknown}
Potions
 f - a potion of might {unknown}
 i - 2 potions of resistance {unknown}
 l - 2 potions of haste
 n - a potion of berserk rage {unknown}
 r - 2 potions of mutation {unknown}
 s - a potion of magic {unknown}
 u - 2 potions of heal wounds {unknown}
 z - a potion of flight {unknown}


   Skills:
 + Level 8.9 Fighting
 + Level 6.6 Axes
 - Level 1.7 Throwing
 + Level 5.8 Armour
 - Level 2.6 Dodging
 * Level 5.6 Shields
 + Level 4.5 Invocations


You had 9 spell levels left.
You didn't know any spells.
Your spell library contained the following spells:

 Spells                   Type           Power      Damage    Failure   Level
 Ozocubu's Armour         Ice            0%         N/A       100%        3
 Ozocubu's Refrigeration  Ice            0%         4d5       100%        7


Dungeon Overview and Level Annotations

Branches:
Dungeon (8/15)             Temple (1/1) D:7          Bailey (1/1)
   Lair: D:8-11

Altars:
Ashenzari
Cheibriados
Elyvilon
Fedhas
Kikubaaqudgha
Okawaru
Qazlal
Trog
Vehumet
Yredelemnul

Shops:
D:6 =


Innate Abilities, Weirdness & Mutations

You have large cloven feet.
You are mostly covered in slimy green scales. (AC +3)
When hurt, damage is shared between your health and your magic reserves.
You regenerate magic rapidly.
When low on magic, you restore magic in place of health.


Message History

You throw a throwing net.
The throwing net closely misses the orc knight.
Okay, then.
You feel yourself speed up.
The orc knight hits you but does no damage.
You hit the orc knight but do no damage.
Your kick misses the orc knight.
The orc knight is heavily wounded.
The orc knight closely misses you.
You hit the orc knight but do no damage.
You kick the orc knight.
The orc knight is severely wounded.
The orc knight hits you with a +0 war axe!
* * * LOW HITPOINT WARNING * * *
You hit the orc knight. Your kick misses the orc knight.
The orc knight is severely wounded.
The orc knight hits you but does no damage.
You closely miss the orc knight. Your kick misses the orc knight.
The orc knight is severely wounded.
A kobold comes into view.
The orc knight barely misses you.
The kobold shouts!
You slash the orc knight!
You kick the orc knight, but do no damage.
The orc knight is almost dead.
The orc knight closely misses you.
You slash the orc knight!
You kick the orc knight, but do no damage.
The orc knight is almost dead.
The orc knight hits you with a +0 war axe!
* * * LOW HITPOINT WARNING * * *
You are confused.
You feel invigorated.
You barely miss the orc knight.
The orc knight is almost dead.
The orc knight hits you with a +0 war axe!
* * * LOW HITPOINT WARNING * * *
You bump into the stone wall.
The orc knight hits you with a +0 war axe!!
You die...

........$# ....8...#
#.(....# #()(..##♣
#....##.♣ ##)###..♣♣
#K≈≈≈...♣ #o≈≈≈...♣
≈....∩....≈#@≈≈≈...∩
##.........##.≈≈≈...♣
#≈..8...8..≈#.)≈≈...♣
#≈.........≈#'###..♣♣
...#≈)!8.gg8?)≈#...##.♣
...##≈≈#####≈≈##....##♣
....####...####......##
......................#
..8.............8..8..#


You could see an orc knight and a kobold.

Vanquished Creatures
  A two-headed ogre (D:7)
  Sigmund (D:2)
  4 steam dragons
  A water moccasin (D:7)
  2 orc warriors
  3 black bears
  2 sky beasts
  2 necrophages
  A centaur (D:7)
  3 ogres
  A kobold brigand (D:7)
  Blork the orc (D:4)
  3 bullfrogs
  A wyvern zombie (D:6)
  2 water moccasin zombies (D:5)
  A scorpion (D:4)
  A water moccasin skeleton (D:2)
  3 wights (D:7)
  A howler monkey (D:7)
  A hound (D:4)
  2 jellies
  A centaur zombie (D:5)
  2 orc priests
  2 bullfrog skeletons
  A gnoll shaman (D:5)
  Jessica (D:2)
  A centaur skeleton (D:7)
  3 iguanas
  Ijyb (D:5)
  8 orc wizards
  A killer bee zombie (D:6)
  A hound skeleton (D:5)
  9 gnolls
  6 adders
  2 howler monkey skeletons
  2 white imps
  An ufetubus (D:4)
  An adder skeleton (D:4)
  An adder zombie (D:5)
  18 orcs
  10 endoplasms
  4 giant cockroaches
  8 goblins
  9 hobgoblins
  9 jackals
  11 kobolds
  5 quokkas
  8 ball pythons
  5 bats
  A frilled lizard (D:1)
  7 rats
176 creatures vanquished.

Vanquished Creatures (others)
  A white imp (D:7)
1 creature vanquished.

Grand Total: 177 creatures vanquished

Notes
Turn   | Place    | Note
-------+----------+-------------------------------------------
     0 | D:1      | adizb the Demonspawn Gladiator began the quest for the Orb.
     0 | D:1      | Reached XP level 1. HP: 16/16 MP: 1/1
   187 | D:1      | Gained mutation: You are partially covered in slimy green
                  | scales. (AC +2) [demonic ancestry]
   187 | D:1      | Reached XP level 2. HP: 19/23 MP: 2/2
   250 | D:1      | Reached skill level 1 in Invocations
   378 | D:1      | Found a faded altar of an unknown god.
   628 | D:2      | Gained mutation: You are mostly covered in slimy green
                  | scales. (AC +3) [demonic ancestry]
   628 | D:2      | Reached XP level 3. HP: 28/28 MP: 4/4
   636 | D:2      | Reached skill level 1 in Armour
   757 | D:2      | Noticed Sigmund
   768 | D:2      | Killed Sigmund
   769 | D:2      | Reached skill level 3 in Fighting
   769 | D:2      | Reached XP level 4. HP: 24/37 MP: 4/6
   769 | D:2      | Reached XP level 5. HP: 27/42 MP: 4/7
   791 | D:2      | Noticed Jessica
   797 | D:2      | Killed Jessica
   798 | D:2      | Reached skill level 4 in Fighting
  1240 | D:2      | Gained mutation: You regenerate magic rapidly. [demonic
                  | ancestry]
  1240 | D:2      | Reached XP level 6. HP: 43/48 MP: 8/8
  2160 | D:4      | Reached skill level 5 in Fighting
  2160 | D:4      | Gained mutation: When hurt, damage is shared between your
                  | health and your magic reserves. [demonic ancestry]
  2160 | D:4      | Reached XP level 7. HP: 56/56 MP: 8/10
  2812 | D:4      | Noticed Blork the orc
  2820 | D:4      | Killed Blork the orc
  2973 | D:4      | Reached skill level 6 in Fighting
  3207 | D:5      | Entered Level 5 of the Dungeon
  3210 | D:5      | Noticed a steam dragon
  3371 | D:5      | Killed a steam dragon
  3372 | D:5      | Reached XP level 8. HP: 38/65 MP: 8/11
  3387 | D:5      | Reached skill level 1 in Shields
  3416 | D:5      | Reached skill level 5 in Axes
  3505 | D:5      | Noticed Ijyb
  3537 | D:5      | Killed Ijyb
  3538 | D:5      | Reached skill level 7 in Fighting
  4025 | D:6      | Gained mutation: You have large cloven feet. [demonic
                  | ancestry]
  4025 | D:6      | Reached XP level 9. HP: 61/74 MP: 12/12
  4093 | D:6      | Found Yjil Quw's Jewellery Emporium.
  4150 | D:6      | Reached skill level 8 in Fighting
  4546 | D:6      | Reached skill level 5 in Armour
  4626 | D:7      | Noticed a two-headed ogre
  4631 | D:7      | Killed a two-headed ogre
  4717 | D:7      | Reached skill level 5 in Shields
  5286 | D:7      | Found a staircase to the Ecumenical Temple.
  5303 | Temple   | Entered the Ecumenical Temple
  5863 | D:7      | Gained mutation: When low on magic, you restore magic in
                  | place of health. [demonic ancestry]
  5863 | D:7      | Reached XP level 10. HP: 71/82 MP: 8/13
  6132 | D:8      | Identified the ring "Riluakka" {rC+ rCorr SInv}
  6148 | D:8      | Found a flagged portal.
  6171 | Bailey   | Entered a bailey
  6203 | Bailey   | Noticed an orc warlord
  6250 | Bailey   | Noticed an orc knight
  6284 | Bailey   | HP: 3/82 [orc knight/+0 war axe (8)]
  6285 | Bailey   | Mangled by an orc knight

Illustrated notes

Levels and vault maps discovered:
D:1:      lemuel_arrival_muddy, layout_loops_ring,
          hellmonk_ecumenical_altar_arch_garden
D:2:      layout_basic, minmay_misc_feat_iff, eino_tiny_chamber, uniq_jessica,
          uniq_sigmund
D:3:      layout_loops_ring, grunt_decor_one_mirror, kennysheep_small_spiral
D:4:      layout_loops_ring, hangedman_decor_growths, uniq_blork_the_orc
D:5:      layout_basic, chequers_serial_rivers_micro_d,
          minmay_a_box_with_orc_wizards_in_it, uniq_ijyb
D:6:      layout_gridville, serial_shops, shop
D:7:      layout_layer_cave, temple_statues
D:8:      layout_loops_ring, enter_bailey_4, hangedman_decor_diamond_cutter,
          grunt_ministairs_1, uniq_joseph, uniq_psyche
Temple:   zaba_magenta_temple
Bailey:   bailey_axe_bossmonster_kennysheep, bailey

Skill      XL: |  1  2  3  4  5  6  7  8  9 |
---------------+----------------------------+-----
Invocations    | 1 2 3 4 |  4.5
Axes           | 3 4 5 6 |  6.6
Armour         | 1 2 3 4 5 |  5.8
Fighting       | 3 4 5 6 7 8 |  8.9
Shields        | 2 5 |  5.6
Throwing       | |  1.7
Dodging        | |  2.6

Action                   |  1- 3 |  4- 6 |  7- 9 | 10-12 || total
-------------------------+-------+-------+-------+-------++-------
Melee: War axe           |    58 |   113 |   376 |    58 ||   605
       Punch             |     1 |     2 |     7 |     1 ||    11
       Kick              |       |       |    42 |    24 ||    66
Throw: Throwing net      |     3 |     3 |     3 |     2 ||    11
       Boomerang         |       |     1 |       |       ||     1
Evoke: Wand              |       |       |     4 |     1 ||     5
  Use: Scroll            |       |     3 |     3 |       ||     6
       Potion            |       |       |     2 |     2 ||     4
 Stab: Sleeping          |     1 |     2 |       |       ||     3
       Held in net/web   |     3 |     1 |     1 |     3 ||     8
Armor: Leather armour    |    26 |    48 |       |       ||    74
       Ring mail         |       |     6 |    11 |       ||    17
       Plate armour      |       |       |   304 |    35 ||   339
Dodge: Dodged            |    41 |    89 |   175 |    21 ||   326
